Map: Kairos Junction LE

Players

yuki

  • Race: Terran Terran
  • League: Diamond
  • Spawn Location: 11:00

red - Winner!

  • Race: Zerg Zerg
  • League: Diamond
  • Spawn Location: 5:00

VOD

Have the link to the VOD?

Description

Time

  • Played on: June 1, 2019, 8:25 a.m.
  • Length: 11:57
Show
View Real Time Build Order
Export as new Build Order

yuki Terran 

Build Orders: Gas First Reaper Expand, Hellion Banshee, Mech 

Get SALT Encoding   

  12  0:00  SCV  
  13  0:12  SCV  
  14  0:17  Supply Depot  
  14  0:24  SCV  
  14  0:28  Refinery  
  15  0:39  SCV  
  16  0:46  Barracks  
  16  0:51  SCV  
  17  1:03  SCV  
  18  1:15  SCV  
  19  1:34  Orbital Command  
  19  1:35  Reaper  
  20  1:48  Command Center  
  20  1:57  Supply Depot  
  20  2:02  SCV  
  20  2:07  Marine  
  22  2:14  Refinery  
  22  2:19  Factory  
  22  2:22  SCV  
  23  2:28  Barracks Reactor  
  22  2:34  SCV  
  23  2:46  SCV  
  24  2:58  SCV  
  24  3:02  Orbital Command  
  25  3:10  SCV  
  26  3:15  Starport  
  26  3:19  Barracks Tech Lab  
  25  3:20  Orbital Command  
  25  3:23  Hellion x2, SCV  
  30  3:35  SCV  
  31  3:47  SCV x2  
  33  3:57  Hellion x2  
  33  3:59  SCV  
  33  4:02  SCV  
  39  4:03  Cloaking Field, Banshee  
  39  4:05  Supply Depot  
  42  4:11  SCV  
  42  4:14  SCV  
  44  4:18  Hellion  
  46  4:24  Supply Depot  
  46  4:26  SCV x2  
  46  4:27  Hellion  
  50  4:38  SCV x2  
  50  4:39  Supply Depot  
  50  4:45  Armory, Command Center  
  52  4:46  Hellion  
  52  4:50  SCV  
  55  4:55  SCV  
  55  4:57  Banshee  
  55  4:58  Hellion  
  61  5:02  Supply Depot  
  61  5:05  Barracks Tech Lab  
  61  5:06  Refinery x2, SCV  
  62  5:09  SCV  
  63  5:18  SCV  
  64  5:22  SCV  
  64  5:23  Hellion x2  
  69  5:30  Factory, SCV  
  69  5:34  Factory, SCV  
  71  5:36  Barracks Tech Lab  
  71  5:42  SCV  
  72  5:43  Banshee  
  72  5:47  SCV  
  72  5:48  Terran Vehicle Weapons Level 1  
  76  5:54  Hellion  
  81  5:57  Hellion, SCV  
  81  6:00  Orbital Command  
  81  6:03  SCV  
  82  6:09  SCV  
  83  6:15  Factory, SCV  
  84  6:21  SCV, Siege Tank  
  88  6:27  Orbital Command, Siege Tank  
  88  6:31  Engineering Bay  
  92  6:36  Hellion  
  93  6:55  Hellion, Supply Depot  
  93  6:56  Hellion  
  93  6:58  SCV x2  
  93  6:59  SCV  
  93  7:01  Banshee  
  93  7:04  Thor  
  93  7:06  Hellion  
  86  7:10  SCV x2  
  86  7:14  Factory Tech Lab  
  86  7:17  Siege Tank  
  86  7:21  Hellion  
  86  7:22  Drilling Claws, Smart Servos  
  91  7:25  SCV x3  
  91  7:26  Factory  
  94  7:37  SCV  
  94  7:38  SCV  
  94  7:39  SCV  
  94  7:44  Terran Vehicle And Ship Armor Level 1  
  97  7:49  Hellion x2, Refinery  
  97  7:50  Refinery  
  101  8:08  Supply Depot  
  101  8:09  Supply Depot  
  101  8:12  Supply Depot  
  101  8:13  Factory Reactor  
  101  8:14  Supply Depot  
  101  8:29  Raven  
  101  8:30  Hellion x3, SCV x2, Siege Tank x2  
  118  8:34  SCV  
  118  8:35  Factory  
  118  8:36  Supply Depot, Factory  
  118  8:38  Supply Depot  
  118  8:42  SCV x2  
  118  8:46  Supply Depot, SCV  
  119  8:50  Hellion x2, Command Center  
  119  8:51  Hellion x2, Siege Tank  
  119  8:54  SCV x2  
  132  8:58  SCV  
  136  9:02  Siege Tank  
  136  9:07  Siege Tank  
  139  9:11  Command Center  
  139  9:14  Hellion x3  
  139  9:15  Hellion  
  147  9:23  Siege Tank  
  150  9:27  Factory Tech Lab x2  
  150  9:32  Refinery  
  150  9:35  Refinery  
  150  9:36  Sensor Tower  
  150  9:37  Siege Tank  
  150  9:38  Hellion x2, Refinery  
  157  9:40  Refinery  
  157  9:49  Infernal Pre-Igniter  
  157  9:52  Hellion, Thor  
  157  10:01  Supply Depot, SCV x3  
  157  10:04  Planetary Fortress  
  160  10:07  Thor  
  160  10:08  Hellion  
  160  10:13  SCV x3  
  155  10:15  Hellion  
  155  10:19  Thor  
  150  10:25  SCV x3  
  150  10:26  Thor  
  159  10:37  Planetary Fortress, SCV x2  
  159  10:41  Sensor Tower  
  159  10:42  Hellion x5  
  171  10:46  SCV  
  171  10:47  SCV  
  173  10:53  Hellion  
  173  10:54  Thor  
  181  11:05  Command Center  
  181  11:07  Thor  
  181  11:08  Hellion x3  
  188  11:22  Hellion  
  188  11:24  Hellion  
  140  11:33  Hellion x2  
  138  11:42  SCV  
  138  11:43  SCV x3  
Show
View Real Time Build Order
Export as new Build Order

red Zerg - Winner!

Build Orders: Pool First, Roach Hydra 

Get SALT Encoding   

  12  0:01  Drone  
  13  0:13  Overlord  
  13  0:17  Drone  
  14  0:31  Drone x2  
  17  0:35  Drone  
  17  0:46  Spawning Pool  
  17  0:48  Drone  
  17  1:08  Hatchery  
  16  1:11  Drone  
  16  1:14  Extractor  
  16  1:33  Zergling x2  
  16  1:34  Zergling x4  
  16  1:36  Queen  
  21  1:45  Overlord  
  21  1:56  Drone  
  22  2:07  Drone  
  23  2:12  Queen  
  25  2:17  Metabolic Boost  
  25  2:23  Drone x2  
  25  2:25  Queen  
  30  2:30  Drone  
  30  2:47  Drone x2  
  32  2:53  Drone x3  
  32  2:56  Pneumatized Carapace  
  35  2:58  Overlord  
  35  3:01  Drone  
  36  3:19  Drone x2  
  38  3:28  Overlord  
  38  3:29  Drone  
  39  3:36  Hatchery  
  39  3:39  Drone x2  
  39  3:40  Drone  
  41  3:44  Overlord  
  41  3:48  Lair  
  41  3:55  Drone x3  
  43  4:02  Drone x2  
  46  4:04  Spore Crawler  
  45  4:11  Queen  
  45  4:14  Spore Crawler  
  46  4:22  Zergling x2  
  46  4:23  Zergling x10  
  52  4:33  Drone x3  
  52  4:37  Overlord  
  55  4:40  Roach Warren  
  55  4:41  Extractor  
  55  4:42  Extractor  
  52  4:48  Drone x3  
  52  4:49  Drone x3  
  58  5:00  Drone x4  
  62  5:20  Spore Crawler  
  57  5:23  Drone x10  
  57  5:26  Queen  
  69  5:32  Glial Reconstitution  
  69  5:36  Evolution Chamber, Overlord x2  
  69  5:37  Evolution Chamber  
  66  5:43  Hydralisk Den, Drone x4  
  66  5:44  Extractor  
  68  5:50  Queen  
  68  5:53  Overlord  
  70  6:00  Drone  
  70  6:03  Infestation Pit  
  70  6:08  Roach  
  70  6:09  Roach x5  
  82  6:15  Zerg Missile Weapons Level 1  
  82  6:17  Drone  
  83  6:20  Spore Crawler  
  84  6:25  Roach  
  84  6:26  Roach x4  
  92  6:43  Roach  
  92  6:44  Roach  
  82  7:10  Drone x11  
  82  7:13  Drone x3  
  82  7:14  Queen  
  96  7:18  Drone x2  
  98  7:23  Overlord  
  98  7:26  Grooved Spines  
  98  7:29  Hive, Overlord x2  
  98  7:31  Zerg Ground Armor Level 1  
  98  7:36  Extractor  
  97  7:37  Extractor  
  96  7:52  Hatchery  
  96  7:54  Hatchery, Roach  
  96  7:55  Roach x8  
  112  7:58  Drone  
  112  7:59  Drone x3  
  116  8:10  Hydralisk  
  116  8:11  Hydralisk x2  
  122  8:19  Overlord x4  
  122  8:27  Zerg Missile Weapons Level 2  
  122  8:37  Muscular Augments  
  122  8:45  Hydralisk x9  
  140  8:54  Viper x2  
  146  9:03  Drone x8, Hatchery  
  146  9:04  Drone  
  154  9:13  Drone x3  
  157  9:20  Overlord x2  
  157  9:22  Queen  
  157  9:23  Drone x3  
  162  9:29  Zerg Ground Armor Level 2  
  162  9:32  Viper  
  162  9:36  Overlord x3  
  165  9:42  Extractor  
  165  9:43  Extractor  
  161  10:01  Hydralisk x12  
  161  10:05  Overseer  
  171  10:20  Hydralisk x6  
  159  10:21  Roach  
  159  10:22  Roach  
  163  10:32  Roach x7  
  177  10:36  Drone x3  
  180  10:43  Drone x3  
  180  10:44  Drone  
  180  10:49  Zergling x6  
  187  10:59  Roach  
  187  11:00  Roach x4  
  197  11:16  Roach  
Tags
 
Add a new tag
Caveats
  • Supply blocks, unpowered buildings, or Contaminate may cause inaccurate times.
  • Supply counts are checked every 10 seconds.